 Dungeon Crawl Stone Soup version 0.14-a0-1876-g927fc3a (webtiles) character file.

68 Kae the Ruffian (level 2, -3/23 HPs)
             Began as a Draconian Transmuter on Jan 15, 2014.
             Slain by a giant gecko (4 damage)
             ... on Level 2 of the Dungeon.
             The game lasted 00:01:17 (887 turns).

Kae the Ruffian (Draconian Transmuter)               Turns: 887, Time: 00:01:17

HP  -3/23        AC  4     Str 12      XL: 2   Next: 93%
MP   4/4         EV 12     Int 13      God:
Gold 41          SH  0     Dex 11      Spells:  1 memorised,  4 levels left

rFire  . . .     SeeInvis .       - Unarmed
rCold  . . .     Clarity  .     (armour unavailable)
rNeg   . . .     Conserve .     (no shield)
rPois  .         rCorr    .     (helmet restricted)
rElec  .         rRot     .     (no cloak)
SustAb . .       Spirit   .     (no gloves)
rMut   .         Warding  .     (no boots)
Saprov . . .     Stasis   .     (no amulet)
MR     .....                    (no ring)
                                (no ring)

@: appendage (expiring), very slightly contaminated, hasted, very quick, not
resistant to hostile enchantments, unstealthy
A: unfitting armour, horns 2, AC +4
a: End Transformation


You were on level 2 of the Dungeon.
You were not hungry.
You had grown temporary horns.
You visited 1 branch of the dungeon, and saw 2 of its levels.

You collected 41 gold pieces.

Inventory:

Missiles
 b - 34 arrows
Comestibles
 a - 3 bread rations
 i - a pear
 j - a honeycomb
Scrolls
 c - a scroll of remove curse {unknown}
 g - a scroll of identify {unknown}
 h - a scroll of fog {unknown}
 m - a scroll of curse armour {unknown}
 p - a scroll of immolation {unknown}
 q - a scroll of recharging {unknown}
Jewellery
 n - an uncursed amulet of warding {unknown}
 o - an uncursed ring of protection from cold {unknown}
Potions
 e - a potion of cure mutation {unknown}
 f - a potion of speed
 k - 2 potions of paralysis {unknown}
 l - a potion of confusion {unknown}
Books
 d - a book of Changes

   Spells                             Type                      Level
   *Beastly Appendage                 Transmutation                1
   Sticks to Snakes                   Transmutation                2
   Spider Form                        Transmutation/Poison         3
   Ice Form                           Ice/Transmutation            4
   Blade Hands                        Transmutation                5


   Skills:
 - Level 1.1 Fighting
 - Level 1.7 Dodging
 * Level 3.8 Unarmed Combat
 - Level 2.0 Spellcasting
 + Level 2.4 Transmutations


You had 4 spell levels left.
You knew the following spells:

 Your Spells              Type           Power        Failure   Level  Hunger
a - Beastly Appendage     Trmt           #.....       12%         1    ##.....


Dungeon Overview and Level Annotations

Branches:
Dungeon (2/16)

Altars:
the Shining One


Innate Abilities, Weirdness & Mutations

Your plain brown scales are hard (AC +4).
Your body does not fit into most forms of armour.
Your cold-blooded metabolism reacts poorly to cold.
You have a pair of horns on your head.


Message History

The hobgoblin hits you with an orcish club.
The giant gecko barely misses you.
You closely miss the kobold.
Your tail-slap misses the kobold.
The kobold barely misses you. The giant gecko barely misses you.
The hobgoblin hits you with an orcish club.
* * * LOW HITPOINT WARNING * * *
You hit the kobold.
You kill the kobold!
The giant gecko bites you but does no damage.
Unknown command.
Drink which item? (? for menu, Esc to quit)
You feel yourself speed up.
It was a potion of speed.
The hobgoblin hits you with an orcish club.
* * * LOW HITPOINT WARNING * * *
The giant gecko closely misses you.
You are very lightly contaminated with residual magic.
Drink which item? (? for menu, Esc to quit)
Okay, then.
The giant gecko bites you.
You die...

....<.. #.#....#... .......
#.####.#... # .....
#.#....#... #.#.?.#
#.#.####...
####.#...########.#<# ....
#.....)%..........#.#.###..
#..(............##.## .
####.gl.............#
#...@............#
##...............+
#...............#
#...............#
#...............#
#....###.##+##### #....#
#.# ###### #.# ..#


You could see a giant gecko and a hobgoblin.

Vanquished Creatures
  2 bats (D:1)
  A giant cockroach (D:1)
  2 hobgoblins (D:1)
  6 jackals (D:1)
  5 kobolds
  A ball python (D:2)
  2 giant geckos (D:1)
  2 goblins
  2 rats (D:1)
23 creatures vanquished.

Notes
Turn   | Place    | Note
--------------------------------------------------------------
     0 | D:1      | Kae, the Draconian Transmuter, began the quest for the Orb.
     0 | D:1      | Reached XP level 1. HP: 16/16 MP: 3/3
   334 | D:1      | Reached XP level 2. HP: 23/23 MP: 2/4
   593 | D:1      | Found a glowing golden altar of the Shining One.
   884 | D:2      | HP: 1/23 [hobgoblin/orcish club (1)]
   887 | D:2      | Slain by a giant gecko

Action                   || total
-------------------------++-------
Melee: Unarmed           ||    84
 Cast: Beastly Appendage ||     7
  Use: Potion            ||     1
